 Dungeon Crawl Stone Soup version 0.28-a0-612-gcfc00ec14d (webtiles) character file.

Game seed: 6561055966268908594

63 pascalblue the Chopper (level 4, -4/40 HPs)
             Began as a Hill Orc Cinder Acolyte on Oct 5, 2021.
             Was a High Priest of Ignis.
             Slain by Terence (12 damage)
             ... on level 3 of the Dungeon.
             The game lasted 00:08:45 (2741 turns).

pascalblue the Chopper (Hill Orc Cinder Acolyte)    Turns: 2741, Time: 00:08:45

Health: -4/40      AC:  2    Str: 17    XL:     4   Next: 9%
Magic:  6/6        EV: 11    Int: 14    God:    Ignis [*****.]
Gold:   64         SH:  0    Dex:  6    Spells: 5/6 levels left

rFire   + . .      SeeInvis .   a - -1 hand axe (flame)
rCold   . . .      Faith    .   (no shield)
rNeg    . . .      Spirit   .   b - +0 robe
rPois   .          Reflect  .   (no helmet)
rElec   .          Harm     .   (no cloak)
rCorr   .          Rampage  .   (no gloves)
Will    .....                   (no boots)
Stlth   +.........              (no amulet)
HPRegen 0.13/turn               (no ring)
MPRegen 0.10/turn               (no ring)

@: no status effects
A: no striking features
a: Renounce Religion, Sea of Fire, Foxfire Swarm, Rising Flame


You were on level 3 of the Dungeon.
You worshipped Ignis.
Ignis was extremely pleased with you.
You visited 1 branch of the dungeon, and saw 3 of its levels.

You collected 64 gold pieces.

Inventory:

Hand Weapons
 a - a -1 hand axe of flaming (weapon)
 m - a +1 dagger of draining
Missiles
 g - 26 poisoned darts (quivered)
Armour
 b - a +0 robe (worn)
Jewellery
 c - a ring of willpower
Scrolls
 d - a scroll of immolation {unknown}
 k - a scroll of enchant weapon {unknown}
 l - a scroll of fog {unknown}
 o - 2 scrolls of amnesia {unknown}
 p - a scroll of silence {unknown}
Potions
 e - 2 potions of brilliance {unknown}
 f - a potion of degeneration {unknown}
 h - a potion of haste {unknown}
 i - a potion of lignification {unknown}
 j - a potion of curing {unknown}
 n - 2 potions of might {unknown}


   Skills:
 + Level 4.2 Fighting
 + Level 4.6 Axes
 + Level 1.5 Spellcasting
 + Level 0.8 Conjurations
 + Level 3.8 Fire Magic


You had 5 spell levels left.
You knew the following spells:

 Your Spells              Type           Power      Damage    Failure   Level
a - Foxfire               Conj/Fire      28%        2x1d5     10%         1

Your spell library contained the following spells:

 Spells                   Type           Power      Damage    Failure   Level
 Scorch                   Fire           22%        2d6       8%          2
 Magic Dart               Conj           12%        1d3       19%         1
 Sandblast                Erth           2%         2d4       26%         1
 Searing Ray              Conj           6%         2d4       26%         2
 Conjure Flame            Conj/Fire      7%         6-21      28%         3
 Inner Flame              Hex/Fire       6%         N/A       34%         3
 Passwall                 Tmut/Erth      0%         N/A       36%         2
 Stone Arrow              Conj/Erth      4%         3d7       54%         3
 Flame Wave               Conj/Fire      7%         3d4       67%         4
 Fulminant Prism          Conj/Hex       1%         3d6       91%         4
 Cause Fear               Hex            0%         N/A       94%         4
 Discord                  Hex            0%         N/A       100%        8


Dungeon Overview and Level Annotations

Branches:
Dungeon (3/15)

Altars:

Annotations:
D:3 Terence


Message History

You are no longer poisoned.
The ball python bites you but does no damage.
The ball python constricts you.
You hit the ball python. You burn the ball python.
You kill the ball python!
You now have 64 gold pieces (gained 12).
You see here an adder corpse.
There is a dry fountain here.
Terence the Incautious comes into view.
He is wielding a +0 flail.
Terence shouts!
Okay, then.
You hit Terence but do no damage. You hit Terence but do no damage.
Terence hits you with a +0 flail. Terence completely misses you.
You closely miss Terence. Terence hits you with a +0 flail.
You hit Terence but do no damage. Terence hits you with a +0 flail.
You hit Terence but do no damage. Terence hits you with a +0 flail.
You hit Terence but do no damage. Terence hits you with a +0 flail.
You closely miss Terence. Terence shouts, "Now you die!"
Terence hits you with a +0 flail.
* * * LOW HITPOINT WARNING * * *
You barely miss Terence. Terence barely misses you.
You hit Terence but do no damage.
Terence says, "You're history."
Terence closely misses you.
You hit Terence. You burn Terence.
Terence is lightly wounded.
Terence hits you with a +0 flail.
* * * LOW HITPOINT WARNING * * *
You hit Terence but do no damage.
Terence is lightly wounded.
Terence misses you.
You barely miss Terence.
Terence is lightly wounded.
Terence barely misses you.
You hit Terence but do no damage.
Terence is lightly wounded.
Terence hits you with a +0 flail!
You die...

#####........#
#.........####
#.####..#.#
##.#####.#.#
#..........###### #
#..#####...##...#.#
#......##.#.#.#####
#.###..##..........
# ##†#..#@@.#
##.####..##.##.#
...S.....#.⌠.# # ##
...####..##.##.# .#
.# #.†..#...# ## .#
#......#.# ..##.#
#..#.#.# #
##...............#
.............#...#


You could see Terence.

Vanquished Creatures
  2 adders (D:3)
  2 worms
  2 dart slugs
  3 ball pythons
  3 bats
  An endoplasm (D:2)
  A goblin (D:1)
  A hobgoblin (D:3)
  7 jackals (D:1)
  3 quokkas (D:1)
  A frilled lizard (D:3)
  3 kobolds
  7 rats
36 creatures vanquished.

Vanquished Creatures (others)
  46 foxfires
  14 plants (D:3)
60 creatures vanquished.

Grand Total: 96 creatures vanquished

Notes
Turn   | Place    | Note
-------+----------+-------------------------------------------
     0 | D:1      | pascalblue the Hill Orc Cinder Acolyte began the quest for
                  | the Orb.
     0 | D:1      | Reached XP level 1. HP: 19/19 MP: 2/2
   243 | D:1      | Found a faded altar of an unknown god.
   622 | D:1      | Learned a level 1 spell: Foxfire
   625 | D:1      | Reached XP level 2. HP: 27/27 MP: 1/3
  1159 | D:1      | Reached XP level 3. HP: 7/33 MP: 0/4
  2528 | D:3      | Reached XP level 4. HP: 25/40 MP: 3/6
  2728 | D:3      | Noticed Terence
  2741 | D:3      | Slain by Terence

Illustrated notes

Levels and vault maps discovered:
D:1:      dpeg_arrival_short_road, layout_loops_corners,
          hellmonk_ecumenical_altar_arch_garden,
          amcnicky_mini_rare_corridor_liquid
D:2:      layout_basic
D:3:      layout_basic, grunt_decor_one_mirror, serial_bayou_lake_a,
          uniq_terence

Skill      XL: |  1  2 |
---------------+-------+-----
Fighting       | 4 |  4.2
Axes           | |  4.6
Spellcasting   | |  1.5
Conjurations   | |  0.8
Fire Magic     | |  3.8

Action                   |  1- 3 |  4- 6 || total
-------------------------+-------+-------++-------
Melee: Hand axe          |    84 |    18 ||   102
 Cast: Foxfire           |    28 |       ||    28
Armor: Robe              |    16 |     4 ||    20
Dodge: Dodged            |    62 |     6 ||    68

Table legend: (Time is in decaauts)
 A = Elapsed time spent in this place.
 B = Non-inter-level travel time spent in this place.
 C = Inter-level travel time spent in this place.
 D = Time resting spent in this place.
 E = Time spent auto-exploring this place.
 F = Levels seen in this place.
 G = Mean time per level.
                   A        B        C        D        E       F      G
               +--------+--------+--------+--------+--------+-----+--------+
         Total |   2748 |   2663 |     85 |      0 |   2179 |   3 |  916.0 |
       Dungeon |   2748 |   2663 |     85 |      0 |   2179 |   3 |  916.0 |
               +--------+--------+--------+--------+--------+-----+--------+

Top non-repeatable levels by time:
     D:1: 1488 daAuts
     D:2: 726 daAuts
     D:3: 533 daAuts
